 Dungeon Crawl Stone Soup version 0.24.0-123-gd5b16e6ec5 (webtiles) character file.

Game seed: 13971917326193117465, levelgen mode: deterministic

420 Norian the Conjurer (level 6, 0/32 HPs)
             Began as a Deep Elf Conjurer on Dec 19, 2019.
             Was a Follower of Vehumet.
             Slain by an iguana (4 damage)
             ... on level 4 of the Dungeon.
             The game lasted 00:09:43 (3320 turns).

Norian the Conjurer (Deep Elf Conjurer)             Turns: 3320, Time: 00:09:43

Health: 0/32       AC:  4    Str:  7    XL:     6   Next: 62%
Magic:  11/17      EV: 13    Int: 20    God:    Vehumet [*.....]
Gold:   157        SH:  0    Dex: 19    Spells: 9/18 levels left

rFire    . . .     SeeInvis +   y - staff of wizardry
rCold    . . .     Gourm    .   (no shield)
rNeg     . . .     Faith    .   a - +0 robe
rPois    .         Spirit   .   l - +0 helmet
rElec    .         Reflect  .   k - +0 cloak
rCorr    .         Harm     .   (no gloves)
MR       .....                  (no boots)
Stlth    ++........             (no amulet)
HPRegen  0.10/turn              h - +4 ring of dexterity
MPRegen  0.15/turn              u - ring of see invisible

@: no status effects
A: no striking features
a: Renounce Religion


You were on level 4 of the Dungeon.
You worshipped Vehumet.
Vehumet was aware of your devotion.
You were not hungry.

You visited 1 branch of the dungeon, and saw 4 of its levels.

You collected 157 gold pieces.

Inventory:

Armour
 a - a +0 robe (worn)
 k - a +0 cloak (worn)
 l - a +0 helmet (worn)
Magical Staves
 y - an uncursed staff of wizardry (weapon)
Jewellery
 h - a +4 ring of dexterity (left hand)
 u - a ring of see invisible (right hand)
Wands
 o - a wand of flame (11)
Scrolls
 f - 4 scrolls of identify
 g - 2 scrolls of random uselessness {unknown}
 j - a scroll of fear {unknown}
 m - 2 scrolls of enchant weapon {unknown}
 p - a scroll of teleportation {unknown}
 s - 2 scrolls of magic mapping {unknown}
 t - 2 scrolls of noise {unknown}
 w - 3 scrolls of remove curse {unknown}
 x - a scroll of amnesia {unknown}
Potions
 d - a potion of invisibility {unknown}
 e - 2 potions of might {unknown}
 i - a potion of resistance {unknown}
 n - a potion of ambrosia {unknown}
 q - 2 potions of agility {unknown}
 r - a potion of haste {unknown}
 v - a potion of degeneration {unknown}
 z - a potion of curing {unknown}
Comestibles
 c - 4 rations


   Skills:
 - Level 2.4 Dodging
 - Level 2.4 Stealth
 + Level 6.6 Spellcasting
 + Level 6.7 Conjurations
 + Level 2.8 Hexes


You had 9 spell levels left.
You knew the following spells:

 Your Spells              Type           Power        Failure   Level  Hunger
a - Magic Dart            Conj           ####         1%          1    None
b - Iskenderun's Mystic   Conj           ####....     2%          4    ###....
c - Fulminant Prism       Conj/Hex       ####......   6%          4    ###....

Your spell library contained the following spells:

 Spells                   Type           Power        Failure   Level  Hunger
 Sting                    Conj/Pois      ###.         1%          1    None
 Searing Ray              Conj           ####..       1%          2    None
 Dazzling Spray           Conj/Hex       ####..       1%          3    #......
 Force Lance              Conj/Tloc      ###.....     10%         4    ###....


Dungeon Overview and Level Annotations

Branches:
Dungeon (4/15)
 Temple: D:4-7

Altars:
Makhleb
Vehumet

Annotations:
D:4 2 runed translucent doors


Message History

The iguana is lightly wounded.
The iguana bites you.
Casting: Magic Dart (safe; 1% risk of failure)
Confirm with . or Enter, or press ? or * to list all spells.
Aiming: Magic Dart (safe; 1% risk of failure)
Press: ? - help, Shift-Dir - straight line, f/p - iguana
Aim: an iguana (lightly wounded)
The magic dart hits the iguana.
The iguana is lightly wounded.
The iguana bites you!
* * * LOW HITPOINT WARNING * * *
Casting: Magic Dart (safe; 1% risk of failure)
Confirm with . or Enter, or press ? or * to list all spells.
Aiming: Magic Dart (safe; 1% risk of failure)
Press: ? - help, Shift-Dir - straight line, f/p - iguana
Aim: an iguana (lightly wounded)
The magic dart hits the iguana but does no damage.
The iguana is lightly wounded.
The iguana bites you.
You die...

######..######............#
.... #### ##)...........
.... #....#....... .!..
#....#....... .... #
#........>... .... ##.
#..#.#....... .... #.#
##..#.#....... ....
#l###..##.#....... ....
#@.)..###.#.###### ....
##.#### #.#.# ....
#.######.#.#### ....
+.##..........# ....
.+.##..........# .... ..
.8#.##..........# ....
8(:8##.#...........# ....
######..#^†......#### ....
........#....##########


You could see an iguana.

Vanquished Creatures
  An ogre (D:4)
  An orc priest (D:4)
  A bullfrog skeleton (D:4)
  Terence (D:3)
  2 orc wizards (D:4)
  Robin (D:3)
  6 adders
  3 oozes
  4 worms
  A dart slug (D:2)
  3 leopard geckos
  5 orcs (D:3)
  18 goblins
  15 hobgoblins
  6 jackals
  12 kobolds
  2 ball pythons
  13 bats
  5 frilled lizards
  7 rats
107 creatures vanquished.

Vanquished Creatures (others)
  A fulminant prism (D:3)
1 creature vanquished.

Grand Total: 108 creatures vanquished

Notes
Turn   | Place    | Note
-------+----------+-------------------------------------------
     0 | D:1      | Norian the Deep Elf Conjurer began the quest for the Orb.
     0 | D:1      | Reached XP level 1. HP: 10/10 MP: 6/6
    40 | D:1      | Reached XP level 2. HP: 12/15 MP: 0/8
   495 | D:1      | Reached skill level 5 in Conjurations
   495 | D:1      | Reached XP level 3. HP: 19/19 MP: 1/10
  1369 | D:2      | Reached XP level 4. HP: 24/24 MP: 1/12
  1455 | D:2      | Learned a level 4 spell: Iskenderun's Mystic Blast
  1460 | D:2      | Learned a level 4 spell: Fulminant Prism
  1500 | D:2      | You fall into a shaft and drop 2 floors!
  1515 | D:4      | Found a radiant altar of Vehumet.
  1526 | D:4      | Became a worshipper of Vehumet
  1592 | D:3      | Reached skill level 5 in Spellcasting
  1593 | D:3      | Noticed Robin
  1618 | D:3      | Killed Robin
  1739 | D:3      | Found a burning altar of Makhleb.
  1919 | D:3      | Reached XP level 5. HP: 28/28 MP: 10/14
  1922 | D:3      | Reached * piety under Vehumet
  1922 | D:3      | Offered knowledge of Sting by Vehumet.
  2160 | D:3      | Noticed Terence
  2162 | D:3      | Killed Terence
  2793 | D:4      | Reached skill level 1 in Hexes
  3072 | D:4      | Reached XP level 6. HP: 32/32 MP: 9/17
  3245 | D:4      | Found a large runed translucent door.
  3245 | D:4      | Found a large runed translucent door.
  3320 | D:4      | Slain by an iguana

Levels and vault maps discovered:
D:1:      erik_arrival_gehennom, layout_basic
D:2:      layout_rooms, moated_statue
D:3:      layout_basic, bloody_makhleb, uniq_robin, uniq_terence
D:4:      layout_basic, vehumet_altar_wand_db, minmay_temple_entry_hall,
          first_ration, minmay_hollow_rounded_squares

Skill      XL: |  1  2  3  4  5  6 |
---------------+-------------------+-----
Spellcasting   | 4 5 6 |  6.6
Conjurations   | 5 6 |  6.7
Hexes          | 1 2 |  2.8
Dodging        | |  2.4
Stealth        | |  2.4

Action                   |  1- 3 |  4- 6 || total
-------------------------+-------+-------++-------
Melee: Dagger            |    27 |     1 ||    28
 Cast: Magic Dart        |    85 |   125 ||   210
       Iskenderun's Myst |       |     8 ||     8
       Fulminant Prism   |       |     1 ||     1
Evoke: Wand              |       |    11 ||    11
  Use: Scroll            |       |     1 ||     1
  Eat: Chunk             |     1 |     4 ||     5
       Ration            |       |     1 ||     1
Armor: Robe              |    13 |     6 ||    19
Dodge: Dodged            |    31 |    13 ||    44
